 Dungeon Crawl Stone Soup version 0.28.0-1-gb440e238dd (webtiles) character file.

Game seed: 9179106471310090159

5042 issech the Basher (level 10, -1/88 HPs)
             Began as a Troll Monk on Feb 26, 2022.
             Was an Elder of Hepliaklqana.
             Succumbed to a hornet's poison
             ... while paralysed by a hornet
             ... on level 9 of the Dungeon on Feb 27, 2022.
             The game lasted 00:29:04 (7884 turns).

issech the Basher (Troll Monk)                      Turns: 7884, Time: 00:29:05

Health: -1/88      AC: 10    Str: 21    XL:     10   Next: 30%
Magic:  9/9        EV:  1    Int:  6    God:    Hepliaklqana [****..]
Gold:   1637       SH:  0    Dex: 16    Spells: 9/9 levels left

rFire   . . .      SeeInvis .   i - +1 flail (vorpal)
rCold   . . .      Faith    .   (no shield)
rNeg    . . .      Spirit   .   N - +0 steam dragon scales
rPois   .          Reflect  .   (helmet restricted)
rElec   .          Harm     .   v - +2 cloak
rCorr   .          Rampage  .   (gloves unavailable)
Will    .....                   (boots unavailable)
Stlth   +++.......              (no amulet)
HPRegen 1.04/turn               (no ring)
MPRegen 0.11/turn               (no ring)

@: paralysed, lethally poisoned (-1 -> -5), about to teleport, marked, slowed
A: reduced essence, large, unfitting armour, claws 3, regeneration 1, shaggy fur
1, tough skin 1
a: Renounce Religion, Recall Ancestor, Ancestor Identity, Transference, Idealise


You were on level 9 of the Dungeon.
You worshipped Hepliaklqana.
Hepliaklqana was greatly pleased with you.
You visited 2 branches of the dungeon, and saw 10 of its levels.
You visited the Abyss 1 time.

You collected 1637 gold pieces.

Inventory:

Hand Weapons
 i - a +1 vorpal flail (weapon)
 k - a +3 short sword
 u - a +0 dire flail
 w - a +2 vorpal hand crossbow
 x - a +0 giant spiked club of freezing
 C - a +0 whip of electrocution
 E - a +0 shortbow
 F - a +3 rapier
 Q - a +1 dagger of distortion
Missiles
 d - 299 stones (quivered)
 l - 155 arrows
 p - 30 poisoned darts
 y - 5 boomerangs
 A - 61 bolts
 I - 55 sling bullets
 O - a throwing net
Armour
 b - a +1 robe
 r - a +0 cloak
 v - a +2 cloak (worn)
 B - the +18 Lear's hauberk
   (You found it on level 6 of the Dungeon)
 N - +0 steam dragon scales (worn)
 R - a +0 robe of willpower
Wands
 D - a wand of paralysis (8)
 J - a wand of polymorph (6)
 K - a wand of digging (2)
Scrolls
 c - 2 scrolls of vulnerability
 g - a scroll of amnesia
 h - a scroll of magic mapping
 m - a scroll of fog
 n - 3 scrolls of teleportation
 H - 2 scrolls of fear
 M - a scroll of brand weapon
 P - a scroll of identify
Potions
 a - a potion of flight {unknown}
 e - a potion of berserk rage {unknown}
 f - 4 potions of heal wounds {unknown}
 j - 2 potions of haste {unknown}
 o - a potion of lignification {unknown}
 q - a potion of attraction {unknown}
 s - a potion of might {unknown}
 t - a potion of curing {unknown}
 z - a potion of invisibility {unknown}
 G - 2 potions of degeneration {unknown}
 L - a potion of resistance {unknown}


   Skills:
 + Level 6.1 Fighting
 + Level 9.9 Maces & Flails
 + Level 0.4 Throwing
 + Level 6.1 Dodging
 + Level 3.9 Stealth


You had 9 spell levels left.
You didn't know any spells.
Your spell library contained the following spells:

 Spells                   Type           Power      Damage    Failure   Level
 Magic Dart               Conj           0%         1d3       45%         1
 Poisonous Vapours        Pois/Air       0%         N/A       58%         2
 Searing Ray              Conj           0%         2d4       58%         2
 Call Canine Familiar     Summ           0%         N/A       83%         3
 Gell's Gravitas          Tloc           0%         N/A       83%         3
 Lesser Beckoning         Tloc           0%         N/A       83%         3
 Portal Projectile        Hex/Tloc       0%         N/A       83%         3
 Summon Guardian Golem    Hex/Summ       0%         N/A       83%         3
 Teleport Other           Tloc           0%         N/A       83%         3
 Fulminant Prism          Conj/Hex       0%         3d6       99%         4
 Leda's Liquefaction      Hex/Erth       0%         N/A       99%         4
 Chain Lightning          Conj/Air       0%         N/A       100%        9


Dungeon Overview and Level Annotations

Branches:
Dungeon (9/15)             Temple (1/1) D:4
   Lair: D:8-11         Orc: D:9-12

Altars:
Ashenzari
Cheibriados
Dithmenos
Elyvilon
Fedhas
Gozag
Hepliaklqana
Kikubaaqudgha
Makhleb
Nemelex Xobeh
Okawaru
Qazlal
Ru
Sif Muna
Trog
Uskayaw
Vehumet
Wu Jian
Xom
Yredelemnul
Zin
The Shining One

Shops:
D:7 (

Annotations:
D:9 Harold


Innate Abilities, Weirdness & Mutations

Your life essence is reduced to manifest your ancestor. (-10% HP)
You are too large for most types of armour.
You have claws for hands.
Your natural rate of healing is unusually fast.
You are covered in fur. (AC +1)
You have tough skin. (AC +1)


Message History

The kobold brigand throws a curare-tipped dart.
The curare-tipped dart hits you.
You are poisoned.
You have difficulty breathing.
You feel yourself slow down.
You feel very sick.
The kobold throws a stone.
The stone completely misses you.
You closely miss the kobold.
You feel sick. The hornet misses you.
You hit the kobold brigand but do no damage.
Your claw misses the kobold brigand.
You feel sick.
The hornet barely misses you. x2; The kobold brigand closely misses you.
You sock the kobold brigand!
The kobold brigand is heavily wounded.
You feel sick. The hornet completely misses you.
The kobold hits you but does no damage.
The kobold brigand hits you with a +0 whip.
The hornet stings you!
* * * LOW HITPOINT WARNING * * *
You feel as though you will be slow longer.
The kobold hits you but does no damage.
As you read the scroll of teleportation, it crumbles to dust.
You feel strangely unstable.
You feel sick. The hornet stings you!
* * * LOW HITPOINT WARNING * * *
You feel as though you will be slow longer.
The kobold brigand misses you. The hornet misses you.
The kobold barely misses you. The kobold brigand closely misses you.
You thump the kobold brigand!
The kobold brigand is severely wounded.
You feel sick.
You are no longer poisoned.
The hornet stings you!
* * * LOW HITPOINT WARNING * * *
You are poisoned.
You suddenly lose the ability to move!
The kobold hits you but does no damage. The hornet stings you.
* * * LOW HITPOINT WARNING * * *
You feel as though you will be slow longer.
The kobold brigand hits you with a +0 whip.
* * * LOW HITPOINT WARNING * * *
The kobold hits you but does no damage.
You die...

. ......#......
.#.
.....##..#......
.. .....
##....###y ..#
....##.#.##.##cK
.. ..
.....##..##K #.
.# ....#. #.....
K#K#.####
....#.#
#KKKK..[#
.##.### #@# .
#y# .. #c## ...
#@c# .... #F)#
#....
#..........
.....
.............
...........?.##
...........c.##


You could see Harold, a hornet, a kobold brigand, a bullfrog, 2 centaurs and 5
kobolds.

Vanquished Creatures
  Psyche (D:8)
  2 yaks (D:8)
  An ice beast (D:7)
  A sky beast (D:5)
  A black bear (D:5)
  2 hornet zombies (D:8)
  2 ogres
  2 centaurs
  3 kobold brigands
  A bullfrog (D:8)
  A gnoll sergeant (D:8)
  A killer bee (D:7)
  A centaur zombie (D:9)
  A gnoll shaman (D:6)
  2 iguanas (D:6)
  An orc wizard (D:3)
  Natasha (twice) (D:4)
  Terence (D:2)
  2 killer bee zombies
  7 gnolls
  A howler monkey skeleton (D:7)
  5 adders
  3 white imps
  An ufetubus (D:6)
  A worm (D:3)
  3 dart slugs
  14 orcs
  13 endoplasms
  3 giant cockroaches
  9 goblins
  15 hobgoblins
  2 jackals (D:4)
  17 kobolds
  3 quokkas (D:1)
  2 ball pythons
  5 bats
  2 frilled lizards (D:2)
  7 rats
141 creatures vanquished.

Vanquished Creatures (collateral kills)
  A two-headed ogre (D:8)
  A troll (D:6)
  A yak (D:8)
  2 steam dragons
  Duvessa (D:5)
  A water moccasin (D:7)
  An ogre (D:6)
  2 orc warriors
  A sky beast (D:8)
  A black bear (D:5)
  2 ice beasts (D:7)
  2 necrophages
  A centaur (D:5)
  A kobold brigand (D:7)
  A scorpion (D:7)
  A water moccasin zombie (D:6)
  Dowan (D:5)
  A centaur skeleton (D:6)
  A gnoll shaman (D:5)
  2 hounds
  Natasha (D:4)
  2 orc wizards
  4 gnolls
  3 adders
  A white imp (D:8)
  An adder zombie (D:5)
  4 orcs
  2 goblins (D:8)
  A quokka (D:5)
  5 kobolds
49 creatures vanquished.

Vanquished Creatures (others)
  3 orc wizards
  2 gnolls (D:8)
  4 battlemagi
  2 orcs (D:8)
11 creatures vanquished.

Grand Total: 201 creatures vanquished

Notes
Turn   | Place    | Note
-------+----------+-------------------------------------------
     0 | D:1      | issech the Troll Monk began the quest for the Orb.
     0 | D:1      | Reached XP level 1. HP: 22/22 MP: 0/0
   120 | D:1      | Reached XP level 2. HP: 29/29 MP: 1/1
   143 | D:1      | You fall into a shaft and drop 1 floor!
   168 | D:2      | Reached skill level 3 in Maces & Flails
   524 | D:1      | Reached XP level 3. HP: 36/36 MP: 2/2
  1221 | D:2      | Found a faded altar of an unknown god.
  1424 | D:2      | Got Sif Muna's Handbook of Aerial Curses
  1678 | D:2      | Reached XP level 4. HP: 44/44 MP: 3/3
  1794 | D:3      | Noticed Terence
  1907 | D:2      | Killed Terence
  2126 | D:3      | Reached skill level 4 in Maces & Flails
  2177 | D:3      | Reached XP level 5. HP: 53/53 MP: 4/4
  2749 | D:4      | Noticed Natasha
  2760 | D:4      | Killed Natasha
  2796 | D:4      | Noticed an ogre
  2813 | D:4      | Killed an ogre
  2814 | D:4      | Reached XP level 6. HP: 33/61 MP: 5/5
  2862 | D:4      | Noticed Natasha
  2873 | D:4      | Killed Natasha
  3076 | D:4      | Found a staircase to the Ecumenical Temple.
  3086 | Temple   | Entered the Ecumenical Temple
  3116 | Temple   | Became a worshipper of Hepliaklqana the Forgotten
  3116 | Temple   | Reached * piety under Hepliaklqana
  3116 | Temple   | Reached ** piety under Hepliaklqana
  3117 | Temple   | Remembered your ancestor Eshargamelat as a battlemage
  3426 | D:4      | Noticed Natasha
  3432 | D:4      | Killed Natasha
  3586 | D:5      | Entered Level 5 of the Dungeon
  3739 | D:5      | Reached skill level 5 in Maces & Flails
  3799 | D:5      | Reached XP level 7. HP: 60/60 MP: 6/6
  3896 | D:5      | Noticed Dowan
  3896 | D:5      | Noticed Duvessa
  3917 | D:5      | Killed Duvessa
  3918 | D:5      | Reached skill level 6 in Maces & Flails
  3922 | D:5      | Killed Dowan
  4127 | D:5      | Identified a scroll of acquirement
  4127 | D:5      | Acquired 1260 gold pieces
  4899 | D:6      | Reached XP level 8. HP: 70/70 MP: 7/7
  5134 | D:6      | Reached skill level 7 in Maces & Flails
  5294 | D:6      | Reached *** piety under Hepliaklqana
  5461 | D:6      | Noticed a troll
  5470 | D:6      | Killed a troll
  5471 | D:6      | Reached skill level 5 in Dodging
  5538 | D:6      | Found the +18 Lear's hauberk
  5582 | D:6      | Reached skill level 5 in Fighting
  5582 | D:6      | Reached XP level 9. HP: 76/79 MP: 8/8
  5930 | D:7      | Reached skill level 8 in Maces & Flails
  5969 | D:7      | Found Komn's Antique Weapon Shoppe.
  6961 | D:8      | Reached skill level 9 in Maces & Flails
  7195 | D:8      | Noticed a two-headed ogre
  7200 | D:8      | Killed a two-headed ogre
  7201 | D:8      | Reached XP level 10. HP: 27/88 MP: 9/9
  7391 | D:8      | Found Eblyazxi's Gadget Gallery.
  7408 | D:8      | Found a bloodstained altar of Trog.
  7492 | D:8      | Noticed Psyche
  7498 | D:8      | Cast into level 2 of the Abyss (Psyche)
  7537 | D:8      | Escaped the Abyss
  7558 | D:8      | Killed Psyche
  7765 | D:9      | Reached **** piety under Hepliaklqana
  7787 | D:9      | Paralysed by a hornet for 1 turns
  7866 | D:9      | Noticed Harold
  7883 | D:9      | Paralysed by a hornet for 2 turns
  7883 | D:9      | HP: 3/88 [hornet (3)]
  7883 | D:9      | HP: 1/88 [kobold brigand (2)]
  7884 | D:9      | Succumbed to a hornet's poison

Illustrated notes

Levels and vault maps discovered:
D:1:      lemuel_arrival_tunnels, layout_loops_ring
D:2:      minmay_chambers_of_ones, layout_loops_corners, basic_ecumenical_altar
D:3:      layout_basic, uniq_terence
D:4:      layout_loops_ring, minmay_temple_entry_enclosed_plants, uniq_natasha
D:5:      layout_loops_corners, uniq_duvessa
D:6:      layout_basic, hellmonk_guarded_unrand_lears
D:7:      kennysheep_six_static_rooms, layout_basic, serial_shops,
          nicolae_shop_stone, kennysheep_doodads, dk_noncrumbling_3,
          kennysheep_generic_room_6
D:8:      layout_rooms, trog_hazing_becter, minmay_misc_feat_tiny, st_stairs_14,
          nicolae_shop_gadgets, uniq_psyche
D:9:      layout_cave_pools, erik_lair_island, david_orc_3, lightli_minifort,
          uniq_harold
Temple:   regret_index_temple_sigil_plot

Skill      XL: |  1  2  3  4  5  6  7  8  9 10 |
---------------+-------------------------------+-----
Maces & Flails | 3 4 5 6 7 9 |  9.9
Dodging        | 3 4 5 6 |  6.1
Fighting       | 3 4 5 6 |  6.1
Stealth        | 2 3 |  3.9
Throwing       | |  0.4

Action                   |  1- 3 |  4- 6 |  7- 9 | 10-12 || total
-------------------------+-------+-------+-------+-------++-------
Melee: Mace              |   121 |    29 |       |       ||   150
       Punch             |     1 |       |       |     3 ||     4
       Flail             |       |   134 |   167 |    76 ||   377
Throw: Stone             |       |       |     2 |       ||     2
Invok: Ancestor Life: Ba |       |     1 |       |       ||     1
       Recall Ancestor   |       |       |       |     1 ||     1
  Use: Scroll            |       |     4 |     7 |     3 ||    14
 Stab: Sleeping          |     7 |     4 |     4 |       ||    15
       Distracted        |       |       |     2 |       ||     2
Armor: Robe              |    33 |    55 |    63 |       ||   151
       Steam dragon scal |       |       |     1 |    37 ||    38
Dodge: Dodged            |    61 |    89 |   112 |    68 ||   330
